General information
- name: BNet
- type: Ladder 1vs1/FFA
- host: Battle.net
- saver: goku-batman
map: LostTemple
- players: 2
- length: 11:42
- speed: Fast
- version: 1.26 W3XP
- replay type: Public
» download(32 KB)
Players
team 1 (winner)
goku-batman (
pink | 67 APM | 784 actions | 11:42)
4 Archmage
2 Blizzard
2 Brilliance Aura
» actions
| Assign group hotkey | 69 | |
| Basic commands | 16 | |
| Build / train | 54 | |
| ESC pressed | 1 | |
| Enter build submenu | 31 | |
| Enter hero's abilities submenu | 4 | |
| Give item / drop item | 1 | |
| Right click | 263 | |
| Select / deselect | 94 | |
| Select group hotkey | 162 | |
| Use ability | 89 | |
784 total
» units
| Peasant | 17 | |
| Goblin Shredder | 1 | |
| Gryphon Rider | 5 | |
23 total
» upgrades
| Masonry | 1 | |
| Armor | 1 | |
| Swords | 1 | |
| Storm Hammers | 1 | |
| Animal War Training | 1 | |
5 total
» buildings
| Altar of Kings | 1 | |
| Farm | 10 | |
| Lumber Mill | 1 | |
| Scout Tower | 12 | |
| Arcane Vault | 1 | |
| Arcane Tower | 2 | |
| Guard Tower | 6 | |
| Keep | 1 | |
| Town Hall | 1 | |
| Castle | 1 | |
| Gryphon Aviary | 3 | |
| Blacksmith | 1 | |
| Barracks | 1 | |
41 total
» build order
00:08 Altar of Kings
00:17 Farm
00:42 Farm
00:51 Lumber Mill
01:10 Scout Tower
01:25 Arcane Vault
01:35 Scout Tower
01:53 Arcane Tower
01:53 Arcane Tower
02:08 Guard Tower
03:12 Scout Tower
03:14 Scout Tower
03:17 Scout Tower
03:20 Scout Tower
03:40 Keep
04:18 Guard Tower
04:55 Farm
05:05 Town Hall
05:28 Scout Tower
05:28 Scout Tower
06:13 Scout Tower
06:15 Scout Tower
06:22 Scout Tower
06:22 Scout Tower
06:24 Guard Tower
06:48 Guard Tower
06:53 Farm
06:57 Farm
07:47 Castle
07:53 Guard Tower
07:57 Farm
07:57 Farm
07:58 Farm
08:13 Gryphon Aviary
08:17 Gryphon Aviary
08:23 Blacksmith
08:27 Farm
08:27 Farm
08:28 Barracks
08:41 Gryphon Aviary
» items
| Mechanical Critter | 6 | |
| Lesser Clarity Potion | 1 | |
| Scroll of Regeneration | 1 | |
| Staff of Teleportation | 1 | |
| Boots of Speed | 2 | |
11 total
team 2 (loser)
BREAK_OF_DAWN (
red | 45 APM | 519 actions | 11:35)
4 Blood Mage
2 Flame Strike
2 Siphon Mana
» actions
| Basic commands | 2 | |
| Build / train | 38 | |
| Enter build submenu | 17 | |
| Enter hero's abilities submenu | 4 | |
| Right click | 280 | |
| Select / deselect | 151 | |
| Use ability | 27 | |
519 total
» units
| Peasant | 10 | |
| Footman | 4 | |
| Rifleman | 10 | |
24 total
» upgrades
| Gunpowder | 2 | |
| Armor | 2 | |
| Lumber Harvesting | 1 | |
5 total
» buildings
| Farm | 8 | |
| Altar of Kings | 2 | |
| Barracks | 1 | |
| Lumber Mill | 1 | |
| Blacksmith | 1 | |
| Scout Tower | 1 | |
| Arcane Tower | 1 | |
| Arcane Vault | 1 | |
| Keep | 1 | |
| Town Hall | 1 | |
18 total
» build order
00:10 Farm
00:11 Altar of Kings
00:16 Altar of Kings
00:45 Barracks
01:08 Lumber Mill
01:21 Farm
01:51 Blacksmith
02:03 Scout Tower
02:22 Farm
02:40 Arcane Tower
03:04 Farm
03:13 Farm
04:38 Farm
04:57 Arcane Vault
06:22 Keep
06:59 Town Hall
07:30 Farm
08:39 Farm
» items
| Scroll of Protection | 1 | |
| Scroll of Healing | 1 | |
2 total
Chat log
(09:12 / All) goku-batman: i creeped both red spots with just an archmage
(10:30 / All) goku-batman: yeah thats right
(10:32 / All) goku-batman: tghsi is my base now
(10:35 / All) goku-batman: get yoru shit out of it
(10:51 / All) goku-batman: these crittesr are your new miners